 Dungeon Crawl Stone Soup version bcrawl-1.32 (webtiles) character file.

Game seed: 10048496840280856630

323187 Morbidden the Thaumaturge (level 10, -1/81 HPs)
             Began as a Djinni Air Elementalist on June 26, 2021.
             Was a High Priest of Okawaru.
             Slain by Erica
             ... wielding a +0 scimitar of flaming
              (8 damage)
             ... on level 8 of the Dungeon.
             The game lasted 00:10:58 (8511 turns).

Morbidden the Thaumaturge (Djinni Air Elementalist) Turns: 8511, Time: 00:10:59

Health: -1/81      AC:  8    Str: 11    XL:     10   Next: 52%
Magic:  19/26      EV: 14    Int: 21    God:    Okawaru [*****.]
Gold:   433        SH:  0    Dex: 11    Spells: 21/34 levels left

rFire    . . .     SeeInvis +   a - +0 dagger (venom)
rCold    . . .     Gourm    .   (no shield)
rNeg     . . .     Faith    .   H - +0 steam dragon scales
rPois    .         Spirit   .   (no helmet)
rElec    +         Reflect  .   z - +0 cloak
rCorr    .         Harm     .   A - +1 pair of gloves
MR       +....     Rnd*Rage +   (boots unavailable)
Stlth    ++........             (no amulet)
HPRegen  0.23/turn              b - ring of see invisible
MPRegen  0.20/turn              x - ring of insulation

@: berserk cooldown, flying, slowed, very slow
A: never pass out, berserk 2, blink, blurry vision 2, wild magic 3, MP-powered
wands, floating
a: Blink, Heroism, Finesse, Renounce Religion


You were on level 8 of the Dungeon.
You worshipped Okawaru.
Okawaru was extremely pleased with you.
You were not hungry.

You visited 1 branch of the dungeon, and saw 8 of its levels.

You collected 583 gold pieces.
You spent 150 gold pieces at shops.

Inventory:

Hand Weapons
 a - a +0 dagger of venom (weapon)
 u - a +2 dagger of freezing
 F - a +0 rapier of speed
Missiles
 t - 56 poisoned tomahawks (quivered)
 v - 143 javelins
Armour
 z - a +0 cloak (worn)
 A - a +1 pair of gloves (worn)
 H - +0 steam dragon scales (worn)
Jewellery
 b - a ring of see invisible (left hand)
 x - a ring of insulation (right hand)
 K - a cursed -3 ring of protection
Wands
 h - a wand of clouds (4)
 I - a wand of iceblast (7)
Scrolls
 i - 6 scrolls of identify
 n - 2 scrolls of fog {unknown}
 o - 5 scrolls of remove curse
 q - a scroll of enchant armour {unknown}
 r - 4 scrolls of teleportation {unknown}
 y - a scroll of amnesia {unknown}
 B - a scroll of immolation {unknown}
 C - a scroll of enchant weapon {unknown}
 D - a scroll of blinking {unknown}
Potions
 c - 3 potions of flight
 d - a potion of might {unknown}
 f - 4 potions of curing
 j - a potion of agility {unknown}
 k - 2 potions of brilliance {unknown}
 l - 2 potions of invisibility {unknown}
 m - a potion of cancellation {unknown}
 p - a potion of mutation {unknown}
 s - a potion of haste {unknown}
 w - a potion of magic {unknown}
 E - a potion of resistance {unknown}
 G - a potion of ambrosia {unknown}
Comestibles
 e - 12 rations {!d}
 J - a chunk of flesh


   Skills:
 * Level 5.3 Fighting
 * Level 3.1 Short Blades
 + Level 0.2 Throwing
 * Level 5.2 Dodging
 + Level 2.2 Stealth
 * Level 12.6 Spellcasting
 * Level 4.4 Conjurations
 * Level 10.8 Air Magic


You had 21 spell levels left.
You knew the following spells:

 Your Spells              Type           Power        Failure   Level  Hunger
a - Airstrike             Air            #######...   4%          4    None
b - Static Discharge      Air            #######.     3%          3    None
c - Shock                 Conj/Air       #####        3%          1    None
d - Lightning Bolt        Conj/Air       ######....   21%         5    ##.....

Your spell library contained the following spells:

 Spells                   Type           Power        Failure   Level  Hunger
 Magic Dart               Conj           ####         6%          1    None
 Swiftness                Chrm/Air       ######..     6%          2    None
 Mephitic Cloud           Conj/Pois/Air  ######..     10%         3    None
 Conjure Flame            Conj/Fire      #####...     21%         3    None
 Dazzling Orbs            Conj/Hex       #####..      21%         3    None
 Blink                    Tloc           N/A          24%         2    None
 Call Imp                 Summ           ####..       24%         2    None
 Confuse                  Hex            ####....     36%         3    None
 Spider Form              Tmut/Pois      ###          36%         3    None
 Petrify                  Tmut/Erth      ####......   69%         4    None
 Yara's Violent Unravell  Hex/Tmut       ####......   69%         4    None
 Metabolic Englaciation   Hex/Ice        ####......   94%         5    ##.....
 Mana Rupture             Conj/Hex       #####.....   100%        7    ######.


Dungeon Overview and Level Annotations

Branches:
Dungeon (8/12)             Temple (0/1) D:6
   Lair: D:7-9          Orc: D:8-11

Altars:
Fedhas
Kikubaaqudgha
Makhleb
Nemelex Xobeh
Okawaru
Uskayaw
Vehumet
Wu Jian
Xom

Shops:
D:4 [   D:7 %

Annotations:
D:8 Erica


Innate Abilities, Weirdness & Mutations

You never pass out after going berserk.
You often lose your temper in combat.
You can translocate small distances at will.
Scrolls take you longer to read.
Your spells are much harder to cast, but much more powerful.
You expend magic power (3 MP) to strengthen your wands.
Your body floats in the air.


Message History

Unknown command.
Unknown command.
Unknown command.
Unknown command.
Unknown command.
You feel much better.
The hound skeleton bites you but does no damage.
The red ugly thing claws you.
You are engulfed in flames!!
Erica hits you with a +0 scimitar of flaming.
Erica burns you.
Unknown command.
Unknown command.
Your blurry vision makes reading the scroll take longer!
The hound skeleton barely misses you. The red ugly thing claws you.
* * * LOW HITPOINT WARNING * * *
You are engulfed in flames!
* * * LOW HITPOINT WARNING * * *
The hound skeleton closely misses you.
Erica hits you with a +0 scimitar of flaming!
You die...

.................. #.....)
.......#.......... .## #..
.............?.. .... ###
#...@#.......# ....####
#............#..# .......
#.....#.....##.#..###.....
#....##.....##.....##.....
###.††..Zu........##......
########...####@@.....##.........
...##.##...# ####....#..........
.........##### #...............
...(.........#####...÷...........
#............##..#....(..†.......
#........................##.)....
#..#............>.......###.).)..
#####...................##..)....
##.................####.[....


You could see a red ugly thing, Erica and a hound skeleton.

Vanquished Creatures
  A two-headed ogre (D:8)
  Pikel (D:8)
  2 will-o'-wisps (D:7)
  A wind drake (shapeshifter) (D:8)
  Prince Ribbit (D:6)
  Grinder (D:6)
  A hippogriff (D:7)
  Sigmund (D:4)
  4 yaks (D:8)
  Eustachio (D:6)
  A steam dragon (D:7)
  Menkaure (D:5)
  5 sky beasts (D:7)
  An orc warrior (D:8)
  A centaur (D:8)
  3 ogres
  A big kobold (D:5)
  3 bullfrogs
  A scorpion (D:8)
  A howler monkey (D:5)
  5 crimson imps
  A bullfrog zombie (D:7)
  Crazy Yiuf (D:4)
  2 bullfrog skeletons
  A centaur skeleton (D:2)
  2 gnoll shamans (D:5)
  2 orc priests
  3 hounds
  3 orc wizards
  Jessica (D:2)
  2 worker ants (D:7)
  11 gnolls
  A howler monkey skeleton (D:4)
  5 adders
  A shadow imp (D:5)
  3 oozes
  2 adder skeletons
  3 worms
  3 dart slugs
  5 leopard geckos
  21 orcs
  9 bats
  A giant cockroach (D:2)
  19 goblins
  12 hobgoblins
  4 jackals
  17 kobolds
  6 quokkas
  A ball python (D:2)
  4 frilled lizards
  A jackal skeleton (D:4)
  6 rats
190 creatures vanquished.

Vanquished Creatures (others)
  2 slaves (D:8)
  A worker ant zombie (D:8)
  3 orcs (D:8)
  A fungus (D:4)
7 creatures vanquished.

Grand Total: 197 creatures vanquished

Notes
Turn   | Place    | Note
-------+----------+-------------------------------------------
     0 | D:1      | Morbidden the Djinni Air Elementalist began the quest for
                  | the Orb.
     0 | D:1      | Reached XP level 1. HP: 14/14 MP: 4/4
   122 | D:1      | Reached XP level 2. HP: 20/20 MP: 4/6
   977 | D:2      | Reached XP level 3. HP: 26/26 MP: 4/7
   981 | D:2      | Learned a level 3 spell: Static Discharge
  1213 | D:2      | Gained mutation: Your spells are harder to cast, but more
                  | powerful. [Djinni growth]
  1213 | D:2      | Gained mutation: You can translocate small distances at
                  | will. [Djinni growth]
  1213 | D:2      | Reached XP level 4. HP: 10/33 MP: 1/9
  1481 | D:2      | Reached skill level 4 in Spellcasting
  1583 | D:2      | Found a snail-covered altar of Cheibriados.
  1587 | D:2      | Found a bloodstained altar of Trog.
  1587 | D:2      | Found a sparkling altar of Nemelex Xobeh.
  1589 | D:2      | Found a shimmering altar of Xom.
  1589 | D:2      | Found a burning altar of Makhleb.
  1589 | D:2      | Found a hide-covered altar of Uskayaw.
  1943 | D:2      | Noticed Jessica
  1946 | D:2      | Killed Jessica
  2513 | D:3      | Reached XP level 5. HP: 37/39 MP: 9/11
  2661 | D:3      | Learned a level 4 spell: Airstrike
  2736 | D:3      | Noticed an ogre
  2741 | D:3      | Killed an ogre
  2742 | D:3      | Reached skill level 1 in Fighting
  2742 | D:3      | Reached skill level 5 in Spellcasting
  2742 | D:3      | Reached skill level 5 in Air Magic
  2999 | D:3      | Reached XP level 6. HP: 47/47 MP: 10/13
  3597 | D:4      | Noticed Sigmund
  3609 | D:4      | Killed Sigmund
  3876 | D:4      | Found Fyppy's Antique Armour Emporium.
  3881 | D:4      | Bought a pair of glowing gloves for 150 gold pieces
  4001 | D:4      | Reached skill level 6 in Spellcasting
  4001 | D:4      | Reached XP level 7. HP: 55/55 MP: 10/16
  4030 | D:4      | Got a slimy mace
  4039 | D:4      | Identified the cursed +1 mace "Cyseid" {crush, Dex+4
                  | Stlth+} (You found it on level 4 of the Dungeon)
  4111 | D:4      | Found a runed door.
  4608 | D:4      | Noticed Crazy Yiuf
  4611 | D:4      | Killed Crazy Yiuf
  4681 | D:5      | Entered Level 5 of the Dungeon
  4830 | D:5      | Reached skill level 7 in Spellcasting
  5191 | D:5      | Found an ornate altar of the Wu Jian Council.
  5192 | D:5      | Found a shimmering altar of Xom.
  5204 | D:5      | Found a blossoming altar of Fedhas.
  5204 | D:5      | Found an iron altar of Okawaru.
  5208 | D:5      | Found an ancient bone altar of Kikubaaqudgha.
  5274 | D:5      | Reached skill level 1 in Short Blades
  5310 | D:5      | Became a worshipper of Warmaster Okawaru
  5382 | D:5      | Gained mutation: Your spells are much harder to cast, but
                  | much more powerful. [Djinni growth]
  5382 | D:5      | Reached XP level 8. HP: 62/62 MP: 15/19
  5777 | D:5      | Noticed Menkaure
  5785 | D:5      | Killed Menkaure
  5786 | D:5      | Reached skill level 8 in Spellcasting
  6120 | D:6      | Noticed Prince Ribbit
  6129 | D:6      | Killed Prince Ribbit
  6223 | D:6      | Reached * piety under Okawaru
  6362 | D:6      | Noticed Grinder
  6367 | D:6      | Killed Grinder
  6368 | D:6      | Reached skill level 9 in Spellcasting
  6490 | D:6      | Noticed Eustachio
  6494 | D:6      | Killed Eustachio
  6580 | D:6      | Reached XP level 9. HP: 59/70 MP: 13/22
  6633 | D:6      | Found a staircase to the Ecumenical Temple.
  6895 | D:7      | Reached ** piety under Okawaru
  7103 | D:7      | Reached skill level 10 in Spellcasting
  7130 | D:7      | Found a radiant altar of Vehumet.
  7316 | D:7      | Noticed a will-o'-wisp
  7319 | D:7      | Killed a will-o'-wisp
  7332 | D:7      | Noticed a will-o'-wisp
  7338 | D:7      | Killed a will-o'-wisp
  7338 | D:7      | Reached *** piety under Okawaru
  7339 | D:7      | Reached skill level 11 in Spellcasting
  7478 | D:7      | Got a pitted chain mail
  7555 | D:7      | Identified the cursed +0 chain mail "Goll" {rN+ Str+3} (You
                  | found it on level 7 of the Dungeon)
  7593 | D:7      | Got an iridescent spear
  7649 | D:7      | Reached skill level 10 in Air Magic
  7739 | D:7      | Found Duikk's Food Emporium.
  7746 | D:7      | Reached **** piety under Okawaru
  8117 | D:8      | Reached XP level 10. HP: 80/80 MP: 16/25
  8167 | D:8      | Noticed a two-headed ogre
  8168 | D:8      | Noticed Pikel
  8173 | D:8      | Killed a two-headed ogre
  8174 | D:8      | Reached skill level 5 in Dodging
  8196 | D:8      | Killed Pikel
  8197 | D:8      | Reached skill level 5 in Fighting
  8197 | D:8      | Reached skill level 12 in Spellcasting
  8206 | D:8      | Reached ***** piety under Okawaru
  8442 | D:8      | Learned a level 5 spell: Lightning Bolt
  8496 | D:8      | Noticed Erica
  8501 | D:8      | Noticed a red ugly thing
  8504 | D:8      | HP: 4/81 [Erica/bolt of poison (18)]
  8505 | D:8      | HP: 1/81 [poisoned by Erica (bolt of poison)]
  8511 | D:8      | Slain by Erica

Skill      XL: |  1  2  3  4  5  6  7  8  9 10 |
---------------+-------------------------------+-----
Air Magic      | 4 5 6 8 10 | 10.8
Conjurations   | 2 3 4 |  4.4
Spellcasting   | 4 5 6 7 9 11 12 | 12.6
Fighting       | 1 2 3 4 5 |  5.3
Stealth        | 2 |  2.2
Dodging        | 3 4 5 |  5.2
Short Blades   | 1 2 3 |  3.1
Throwing       | |  0.2

Action                   |  1- 3 |  4- 6 |  7- 9 | 10-12 || total
-------------------------+-------+-------+-------+-------++-------
Melee: Dagger            |    12 |     4 |    63 |    40 ||   119
       Punch             |       |       |       |     1 ||     1
Throw: Tomahawk          |       |     4 |     3 |       ||     7
 Cast: Shock             |    72 |   136 |   120 |       ||   328
       Static Discharge  |       |     1 |    16 |     1 ||    18
       Airstrike         |       |       |    48 |    16 ||    64
       Lightning Bolt    |       |       |       |     1 ||     1
Invok: Heroism           |       |       |       |     1 ||     1
  Use: Scroll            |     1 |       |     3 |     1 ||     5
       Potion            |     1 |       |       |     4 ||     5
 Stab: Sleeping          |       |       |     1 |       ||     1
  Eat: Chunk             |     2 |    11 |    19 |     3 ||    35
Armor: Robe              |     2 |     1 |    17 |       ||    20
       Steam dragon scal |       |       |     1 |     5 ||     6
Dodge: Dodged            |    21 |    33 |    69 |    29 ||   152
